 Dungeon Crawl Stone Soup version 0.28-a0-461-g2dc4ca5097 (webtiles) character file.

Game seed: 15485663295169713794

7 mg7810 the Sneak (level 1, 0/19 HPs)
             Began as a Draconian Delver on Sept 13, 2021.
             Succumbed to an adder's poison
             ... on level 3 of the Dungeon.
             The game lasted 00:03:30 (508 turns).

mg7810 the Sneak (Draconian Delver)                  Turns: 508, Time: 00:03:30

Health: 0/19       AC:  4    Str: 14    XL:     1   Next: 83%
Magic:  1/1        EV: 12    Int: 10    God:
Gold:   27         SH:  0    Dex: 12    Spells: 0/0 levels left

rFire   . . .      SeeInvis .   a - +1 falchion
rCold   . . .      Faith    .   (no shield)
rNeg    . . .      Spirit   .   (armour unavailable)
rPois   .          Reflect  .   (helmet restricted)
rElec   .          Harm     .   (no cloak)
rCorr   .          Rampage  .   (no gloves)
Will    .....                   (no boots)
Stlth   +++.......              (no amulet)
HPRegen 0.06/turn               (no ring)
MPRegen 0.07/turn               (no ring)

@: lethally poisoned (0 -> -2)
A: AC +4, unfitting armour, cold-blooded
a: no special abilities


You were on level 3 of the Dungeon.
You visited 1 branch of the dungeon, and saw 3 of its levels.

You collected 27 gold pieces.

Inventory:

Hand Weapons
 a - a +1 falchion (weapon)
Missiles
 g - 4 boomerangs (quivered)
Wands
 f - a wand of digging (3)
Scrolls
 b - a scroll of fog
 c - a scroll of magic mapping
 h - 2 scrolls of enchant weapon
Potions
 d - a potion of curing {unknown}
 e - a potion of cancellation {unknown}
 i - a potion of flight {unknown}


   Skills:
 + Level 3.2 Fighting
 + Level 2.0 Long Blades
 + Level 1.7 Dodging
 + Level 4.7 Stealth
 * Level 1.0 Evocations


You couldn't memorise any spells.
You didn't know any spells.
Your spell library was empty.

Dungeon Overview and Level Annotations

Branches:
Dungeon (5/15)
 Temple: D:4-7

Altars:
Yredelemnul


Innate Abilities, Weirdness & Mutations

Your plain brown scales are hard. (AC +4)
You cannot fit into any form of body armour.
You are cold-blooded and may be slowed by cold attacks.


Message History

The adder barely misses you.
You closely miss the adder. You tail-slap the adder.
The adder is severely wounded.
The adder misses you. The adder bites you.
You barely miss the adder.
The adder is severely wounded.
The adder barely misses you.
You miss the adder.
The adder is severely wounded.
The adder bites you. x2
You are poisoned.
The adder poisons you!
You barely miss the adder.
The adder is severely wounded.
You feel sick. The adder barely misses you.
You barely miss the adder.
The adder is severely wounded.
You feel sick. The adder bites you.
You are lethally poisoned!
The adder poisons you! The adder bites you but does no damage.
You barely miss the adder.
The adder is severely wounded.
* * * LOW HITPOINT WARNING * * *
You feel sick. The adder bites you but does no damage.
You closely miss the adder.
The adder is severely wounded.
* * * LOW HITPOINT WARNING * * *
You feel sick. The adder bites you but does no damage. The adder misses you.
You barely miss the adder.
The adder is severely wounded.
* * * LOW HITPOINT WARNING * * *
You feel sick. The adder bites you but does no damage.
The adder barely misses you.
You barely miss the adder.
The adder is severely wounded.
* * * LOW HITPOINT WARNING * * *
You feel sick. The adder barely misses you.
You hit the adder but do no damage.
The adder is severely wounded.
You die...

#..........#
#.w# ##.## #>.#
#.## . #.# ...
#.# ###....
###.##w##...?...
..>....lS@.#
##.....#####
....... ##.....
#..... #.....
#.....


You could see an adder, a dart slug and a frilled lizard.

Vanquished Creatures
  An orc (D:5)
  An endoplasm (D:4)
  A giant cockroach (D:4)
  A goblin (D:4)
  A ball python (D:4)
5 creatures vanquished.

Notes
Turn   | Place    | Note
-------+----------+-------------------------------------------
     0 | D:5      | mg7810 the Draconian Delver began the quest for the Orb.
     0 | D:5      | Reached XP level 1. HP: 19/19 MP: 1/1
    56 | D:5      | Noticed an iguana
   248 | D:4      | Noticed a lemure
   284 | D:4      | Noticed a scorpion
   299 | D:4      | Noticed a hound
   328 | D:4      | Noticed an iguana
   451 | D:4      | Found a basalt altar of Yredelemnul.
   458 | D:4      | Reached skill level 1 in Evocations
   467 | D:4      | Noticed an orc priest
   508 | D:3      | Succumbed to an adder's poison

Illustrated notes

Levels and vault maps discovered:
D:3:      layout_rooms, uniq_terence
D:4:      layout_loops_cross, lemuel_doored_altar, gammafunk_ghost_split,
          chequers_serial_rivers_micro_d, uniq_pikel
D:5:      layout_rooms, kennysheep_mini, serial_shops, nicolae_shop_trees, shop,
          nicolae_lakefront_shop, kennysheep_little_box, shop_fountains,
          st_stairs_12

Skill      XL: |  1 |
---------------+----+-----
Evocations     | 1 |  1.0
Fighting       | |  3.2
Long Blades    | |  2.0
Dodging        | |  1.7
Stealth        | |  4.7

Action                   || total
-------------------------++-------
Melee: Falchion          ||    30
       Tailslap          ||     1
Throw: Boomerang         ||     2
  Use: Scroll            ||     2
       Potion            ||     1
 Stab: Sleeping          ||     1
Armor: Skin              ||     8
Dodge: Dodged            ||    17

Table legend: (Time is in decaauts)
 A = Elapsed time spent in this place.
 B = Non-inter-level travel time spent in this place.
 C = Inter-level travel time spent in this place.
 D = Time resting spent in this place.
 E = Time spent auto-exploring this place.
 F = Levels seen in this place.
 G = Mean time per level.
                   A        B        C        D        E       F      G
               +--------+--------+--------+--------+--------+-----+--------+
         Total |    500 |    500 |      0 |      0 |    135 |   3 |  166.7 |
       Dungeon |    500 |    500 |      0 |      0 |    135 |   3 |  166.7 |
               +--------+--------+--------+--------+--------+-----+--------+

Top non-repeatable levels by time:
     D:4: 375 daAuts
     D:5: 98 daAuts
     D:3: 25 daAuts
